MLB
CINCINNATI REDS @ NEW YORK METS
06/28/2045
 
TOP OF THE 1ST
Cincinnati Reds batting - Pitching for New York Mets : RHP Chris Painter
Pitching: RHP Chris Painter
Batting: RHB Willie Lazcano 0-0: Ball
1-0: Ball
2-0: Ball
3-0: Base on Balls
Batting: LHB Sean Geisler 0-0: Ball
1-0: Foul Ball, location: 2F
1-1: Swinging Strike
1-2: Ball
2-2: Foul Ball, location: 2F
2-2: Ball
3-2: Grounds into double play, 4-6-3 (Groundball, 4, EV 84.4 MPH)
Batting: RHB Bruno André 0-0: Ball
1-0: Called Strike
1-1: Foul Ball, location: 2F
1-2: Ball
2-2: Ball
3-2: Ground out 5-3 (Groundball, 56, EV 85.0 MPH)
Top of the 1st over - 0 runs, 0 hits, 0 errors, 0 left on base; Cincinnati 0 - New York 0
BOTTOM OF THE 1ST
New York Mets batting - Pitching for Cincinnati Reds : RHP Marshall Barron
Pitching: RHP Marshall Barron
Batting: LHB Kevin Bellman 0-0: Ball
1-0: Foul Ball, location: 2F
1-1: Foul Ball, location: 2F
1-2: DOUBLE (Line Drive, 9LS, EV 103.1 MPH)
Batting: SHB Gus Berry 0-0: Called Strike
Kevin Bellman steals 3rd base
0-1: Ball
1-1: Foul Ball, location: 2F
1-2: Strikes out swinging
Batting: SHB Sean Cook 0-0: Called Strike
0-1: Ball
1-1: Ball
2-1: Foul Ball, location: 2F
2-2: Ball
3-2: Fly out, F7 (Flyball, 78M, EV 89.4 MPH)
Batting: SHB Harry Hoop 0-0: Ball
1-0: Foul Ball, location: 2F
1-1: Foul Ball, location: 2F
1-2: Ball
2-2: Foul Ball, location: 2F
2-2: Strikes out swinging
Bottom of the 1st over - 0 runs, 1 hit, 0 errors, 1 left on base; Cincinnati 0 - New York 0
TOP OF THE 2ND
Cincinnati Reds batting - Pitching for New York Mets : RHP Chris Painter
Batting: LHB Andy Arbuckle 0-0: Called Strike
0-1: Foul Ball, location: 2F
0-2: Ground out 4-3 (Groundball, 4, EV 92.5 MPH)
Batting: LHB Satoru Handa 0-0: Ball
1-0: Ball
2-0: Ball
3-0: Fly out, F8 (Line Drive, 8LD, EV 85.0 MPH)
Batting: LHB Jon Ledesma 0-0: Ball
1-0: Foul Ball, location: 2F
1-1: Ball
2-1: Ball
3-1: Base on Balls
Batting: SHB Dave Barefoot 0-0: Ball
Jon Ledesma is caught stealing 2nd base 2-6
Top of the 2nd over - 0 runs, 0 hits, 0 errors, 0 left on base; Cincinnati 0 - New York 0
BOTTOM OF THE 2ND
New York Mets batting - Pitching for Cincinnati Reds : RHP Marshall Barron
Batting: RHB Jesus Chavez 0-0: Ball
1-0: Foul Ball, location: 2F
1-1: Swinging Strike
1-2: Ball
2-2: Ball
3-2: Ground out 4-3 (Groundball, 4, EV 81.2 MPH)
Batting: RHB Jeff Jank 0-0: Called Strike
0-1: Foul Ball, location: 2F
0-2: Ball
1-2: Foul Ball, location: 2F
1-2: Ball
2-2: SOLO HOME RUN (Flyball, 89XD, EV 101.2 MPH), Distance : 404 ft
Batting: SHB Javy Rosa 0-0: Called Strike
0-1: Fly out, F9 (Line Drive, 9, EV 95.6 MPH)
Batting: SHB Roberto Magne 0-0: Ball
1-0: Called Strike
1-1: Swinging Strike
1-2: Strikes out swinging
Bottom of the 2nd over - 1 run, 1 hit, 0 errors, 0 left on base; Cincinnati 0 - New York 1
TOP OF THE 3RD
Cincinnati Reds batting - Pitching for New York Mets : RHP Chris Painter
Batting: SHB Dave Barefoot 0-0: SINGLE (Groundball, 25, EV 72.5 MPH) (infield hit)
Batting: RHB Fred Slade 0-0: Called Strike
0-1: Ball
1-1: Ball
2-1: Ball
3-1: Called Strike
3-2: Grounds into double play, 6-4-3 (Groundball, 56, EV 85.6 MPH)
Batting: RHB Omar Quintana 0-0: Called Strike
0-1: Ground out 3-1 (Groundball, 34, EV 83.1 MPH)
Top of the 3rd over - 0 runs, 1 hit, 0 errors, 0 left on base; Cincinnati 0 - New York 1
BOTTOM OF THE 3RD
New York Mets batting - Pitching for Cincinnati Reds : RHP Marshall Barron
Batting: SHB Scott Scott 0-0: Called Strike
0-1: SINGLE (Groundball, 4MS, EV 68.8 MPH) (infield hit)
Pitching: RHP Takashi Kashiwabara
Batting: LHB Kevin Bellman 0-0: Ball
1-0: Foul Ball, location: 2F
1-1: Called Strike
1-2: Fielders Choice at 2nd, 3-6 (Groundball, 3, EV 105.6 MPH)
Batting: SHB Gus Berry 0-0: Ball
1-0: Swinging Strike
1-1: Ball
2-1: Called Strike
2-2: Foul Ball, location: 2F
2-2: Ball
3-2: Strikes out swinging
Batting: SHB Sean Cook 0-0: Ball
1-0: Swinging Strike
1-1: Ball
2-1: Swinging Strike
2-2: Ball
3-2: Strikes out looking
Bottom of the 3rd over - 0 runs, 1 hit, 0 errors, 1 left on base; Cincinnati 0 - New York 1
TOP OF THE 4TH
Cincinnati Reds batting - Pitching for New York Mets : RHP Chris Painter
Batting: RHB Willie Lazcano 0-0: Ball
1-0: Ground out 6-3 (Groundball, 6, EV 80.0 MPH)
Batting: LHB Sean Geisler 0-0: Called Strike
0-1: Swinging Strike
0-2: Ball
1-2: Fly out, F8 (Flyball, 78D, EV 99.4 MPH)
Batting: RHB Bruno André 0-0: Ball
1-0: Ground out 1-3 (Groundball, 13S, EV 70.0 MPH)
Top of the 4th over - 0 runs, 0 hits, 0 errors, 0 left on base; Cincinnati 0 - New York 1
BOTTOM OF THE 4TH
New York Mets batting - Pitching for Cincinnati Reds : RHP Takashi Kashiwabara
Batting: SHB Harry Hoop 0-0: Ground out 4-3 (Groundball, 4, EV 91.9 MPH)
Batting: RHB Jesus Chavez 0-0: Foul Ball, location: 2F
0-1: Ball
1-1: Foul Ball, location: 2F
1-2: Hit by Pitch
Batting: RHB Jeff Jank 0-0: Ball
1-0: Fly out, F9 (Flyball, 9D, EV 89.4 MPH)
Batting: SHB Javy Rosa 0-0: Ball
1-0: Called Strike
1-1: Called Strike
1-2: Foul Ball, location: 2F
1-2: Ball
2-2: Ball
3-2: Base on Balls
Jesus Chavez to second
Batting: SHB Roberto Magne 0-0: TRIPLE (Line Drive, 8LD, EV 93.8 MPH)
Jesus Chavez scores
Javy Rosa scores
Batting: SHB Scott Scott 0-0: Ball
1-0: Foul Ball, location: 2F
1-1: Foul Ball, location: 2F
1-2: Ball
2-2: Foul Ball, location: 2F
2-2: Ground out 5-3 (Groundball, 5, EV 84.4 MPH)
Bottom of the 4th over - 2 runs, 1 hit, 0 errors, 1 left on base; Cincinnati 0 - New York 3
TOP OF THE 5TH
Cincinnati Reds batting - Pitching for New York Mets : RHP Chris Painter
Batting: LHB Andy Arbuckle 0-0: Called Strike
0-1: Ground out 5-3 (Groundball, 5, EV 84.4 MPH)
Batting: LHB Satoru Handa 0-0: SINGLE (Groundball, 34D, EV 107.5 MPH)
Batting: LHB Jon Ledesma 0-0: Ball
1-0: Foul Ball, location: 2F
1-1: Fielders Choice at 2nd, 3-6 (Groundball, 34S, EV 83.1 MPH)
Batting: SHB Dave Barefoot 0-0: SINGLE (Groundball, 4MD, EV 104.4 MPH)
Jon Ledesma to second
Runner from 2nd tries for 3rd, SAFE, throw by CF made to third
Dave Barefoot to second
Batting: RHB Fred Slade 0-0: Ground out 6-3 (Groundball, 6, EV 86.2 MPH)
Top of the 5th over - 0 runs, 2 hits, 0 errors, 2 left on base; Cincinnati 0 - New York 3
BOTTOM OF THE 5TH
New York Mets batting - Pitching for Cincinnati Reds : RHP Takashi Kashiwabara
Batting: LHB Kevin Bellman 0-0: Called Strike
0-1: Ball
1-1: Foul Ball, location: 2F
1-2: SINGLE (Groundball, 4MD, EV 98.1 MPH)
Batting: SHB Gus Berry 0-0: Called Strike
0-1: Ball
1-1: Swinging Strike
1-2: Strikes out swinging
Batting: SHB Sean Cook 0-0: Ball
1-0: Swinging Strike
1-1: Ball
2-1: Ball
3-1: Base on Balls
Kevin Bellman to second
Pitching: RHP Juan Barroso
Batting: SHB Harry Hoop 0-0: Ball
1-0: Called Strike
1-1: Grounds into double play, 4-6-3 (Groundball, 4, EV 107.5 MPH)
Bottom of the 5th over - 0 runs, 1 hit, 0 errors, 1 left on base; Cincinnati 0 - New York 3
TOP OF THE 6TH
Cincinnati Reds batting - Pitching for New York Mets : RHP Chris Painter
Batting: RHB Omar Quintana 0-0: Called Strike
0-1: Foul Ball, location: 2F
0-2: Ball
1-2: Fly out, F8 (Flyball, 8RM, EV 79.4 MPH)
Batting: RHB Willie Lazcano 0-0: Ball
1-0: Called Strike
1-1: Ball
2-1: Foul Ball, location: 2F
2-2: Ball
3-2: Fly out, F8 (Flyball, 8RD, EV 97.5 MPH)
Batting: LHB Sean Geisler 0-0: Ball
1-0: Ball
2-0: Called Strike
2-1: Ground out U3 (Groundball, 3, EV 77.5 MPH)
Top of the 6th over - 0 runs, 0 hits, 0 errors, 0 left on base; Cincinnati 0 - New York 3
BOTTOM OF THE 6TH
New York Mets batting - Pitching for Cincinnati Reds : RHP Juan Barroso
Batting: RHB Jesus Chavez 0-0: Called Strike
0-1: Called Strike
0-2: Ball
1-2: Strikes out swinging
Batting: RHB Jeff Jank 0-0: Fly out, F9 (Flyball, 9S, EV 85.6 MPH)
Batting: SHB Javy Rosa 0-0: Swinging Strike
0-1: Ball
1-1: Ball
2-1: Called Strike
2-2: Ground out 5-3 (Groundball, 56, EV 106.2 MPH)
Bottom of the 6th over - 0 runs, 0 hits, 0 errors, 0 left on base; Cincinnati 0 - New York 3
TOP OF THE 7TH
Cincinnati Reds batting - Pitching for New York Mets : RHP Chris Painter
Batting: RHB Bruno André 0-0: Ball
1-0: Swinging Strike
1-1: Ball
2-1: Foul Ball, location: 2F
2-2: Ball
3-2: Strikes out looking
Batting: LHB Andy Arbuckle 0-0: Ground out U3 (Groundball, 3, EV 81.9 MPH)
Batting: LHB Satoru Handa 0-0: Fly out, F7 (Flyball, 7D, EV 90.0 MPH)
Top of the 7th over - 0 runs, 0 hits, 0 errors, 0 left on base; Cincinnati 0 - New York 3
BOTTOM OF THE 7TH
New York Mets batting - Pitching for Cincinnati Reds : RHP Juan Barroso
Batting: SHB Roberto Magne 0-0: Ball
1-0: Ball
2-0: SINGLE (Line Drive, 9LS, EV 93.8 MPH)
Pitching: LHP David James
Batting: SHB Scott Scott 0-0: Ball
1-0: Fly out, F3 (Line Drive, 3, EV 67.5 MPH)
Lined into DP, U3 (Line Drive, 3, EV 70.0 MPH)
Batting: LHB Kevin Bellman 0-0: Ball
1-0: Called Strike
1-1: Ball
2-1: Foul Ball, location: 2F
2-2: Strikes out swinging
Bottom of the 7th over - 0 runs, 1 hit, 0 errors, 0 left on base; Cincinnati 0 - New York 3
TOP OF THE 8TH
Cincinnati Reds batting - Pitching for New York Mets : RHP Chris Painter
Batting: LHB Jon Ledesma 0-0: Ball
1-0: Called Strike
1-1: Foul Ball, location: 2F
1-2: Ball
2-2: Ground out 4-3 (Groundball, 4, EV 107.5 MPH)
Batting: SHB Dave Barefoot 0-0: SINGLE (Flyball, 8LS, EV 92.5 MPH)
Batting: RHB Fred Slade 0-0: Called Strike
0-1: Ball
1-1: Foul Ball, location: 2F
1-2: Grounds into double play, 5-4-3 (Groundball, 56S, EV 86.2 MPH)
Top of the 8th over - 0 runs, 1 hit, 0 errors, 0 left on base; Cincinnati 0 - New York 3
BOTTOM OF THE 8TH
New York Mets batting - Pitching for Cincinnati Reds : LHP David James
Batting: SHB Gus Berry 0-0: SINGLE (Groundball, 56S, EV 67.5 MPH) (infield hit)
Batting: SHB Sean Cook 0-0: Called Strike
0-1: Ball
1-1: Swinging Strike
1-2: Ball
2-2: Strikes out looking
Batting: SHB Harry Hoop 0-0: Ball
1-0: SINGLE (Flyball, 5D, EV 91.2 MPH)
Gus Berry to second
Batting: RHB Jesus Chavez 0-0: Ball
1-0: Foul Ball, location: 2F
1-1: Called Strike
Gus Berry steals 3rd base (no throw)
Harry Hoop to second
1-2: DOUBLE (Groundball, 3L, EV 95.0 MPH)
Gus Berry scores
Harry Hoop scores
Batting: RHB Jeff Jank 0-0: 2-RUN HOME RUN (Flyball, 9D, EV 105.0 MPH), Distance : 385 ft
Pinch Hitting: LHB Sal Fernandez 0-0: Swinging Strike
0-1: Foul Ball, location: 2F
0-2: Strikes out swinging
Batting: SHB Roberto Magne 0-0: Ball
1-0: Ball
2-0: Called Strike
2-1: Ball
3-1: Foul Ball, location: 2F
3-2: Strikes out swinging
Bottom of the 8th over - 4 runs, 4 hits, 0 errors, 0 left on base; Cincinnati 0 - New York 7
TOP OF THE 9TH
Cincinnati Reds batting - Pitching for New York Mets : RHP Chris Painter
Now in LF: Sal Fernandez
Batting: RHB Omar Quintana 0-0: Swinging Strike
0-1: Ball
1-1: Ground out U3 (Groundball, 34, EV 104.4 MPH)
Batting: RHB Willie Lazcano 0-0: Ball
1-0: Swinging Strike
1-1: SINGLE (Groundball, 13S, EV 63.1 MPH) (infield hit)
Pinch Hitting: LHB Jake Bill 0-0: Swinging Strike
0-1: Called Strike
0-2: Ball
1-2: Grounds into double play, 5-4-3 (Groundball, 56, EV 83.1 MPH)
Top of the 9th over - 0 runs, 1 hit, 0 errors, 0 left on base; Cincinnati 0 - New York 7
Wednesday, June 22nd , 2022 - OOTP Baseball 23.4 Build 64